AoeStats
← Pwncakes

Pilgrims

507160013Analyzed
4v4 RM · 15d ago on Sep 16, 2026· 38m 6s· 8 players
Game mode
Random Map
Map size
Large (8 player)
Population
200
Speed
Normal
Resources
Standard
Victory
Conquest
Starting age
Dark Age
Ending age
Imperial Age
RankedLock teamsTeams togetherTeam positionsShared explorationLock speedFull tech treeHidden civsTurbo modeCheats
Victory
Defeat
🇧🇷 Spanish · Brazil
1467
+15
🇫🇷 Vikings · France
1449
+16
🇺🇸 Aztecs · United States
1397
+18
🇻🇳 Armenians · Vietnam
1363
+19
🇲🇽 Malay · Mexico
1640
-25
🇲🇽 Magyars · Mexico
1531
-22
🇲🇽 Saracens · Mexico
1304
-11
🇨🇴 Italians · Colombia
1278
-10
Pwncakes
5:59 Loom
11:46 Feudal Age
15:47 Castle Age
14:44 Scale Mail Armor
14:35 Double-Bit Axe
15:18 Forging
17:41 Bow Saw
20:19 Town Watch
22:35 Fishing Lines
29:41 Gold Mining
32:32 Chain Mail Armor
31:45 Eagle Warrior
34:19 Squires
37:02 Sanctity
36:53 Fervor
36:55 Redemption
38:23 Atonement
38:28 Devotion
38:27 Herbal Medicine
Florenzi
12:31 Feudal Age
12:08 Loom
14:26 Double-Bit Axe
16:18 Town Watch
19:07 Castle Age
24:24 Atonement
27:51 Fervor
28:18 Horse Collar
29:44 Bow Saw
30:21 Medium Warships
31:52 Fletching
32:03 Padded Archer Armor
33:03 Heavy Plow
32:54 Gold Mining
35:08 Bodkin Arrow
36:03 Pikeman
37:06 Squires
38:53 Ballistics
38:44 Masonry
Hakka1_90
5:54 Loom
12:36 Feudal Age
13:44 Fishing Lines
16:34 Castle Age
14:33 Double-Bit Axe
17:26 Padded Archer Armor
17:25 Gillnets
17:51 Bow Saw
18:17 Wheelbarrow
19:19 Leather Archer Armor
18:55 Fletching
20:08 Gold Mining
23:11 Horse Collar
25:31 Heavy Plow
31:32 Imperial Age
29:13 Forging
30:52 Husbandry
31:03 Bloodlines
31:46 Hand Cart
31:56 Cavalier
32:53 Scale Barding Armor
33:55 Two-Man Saw
33:54 Iron Casting
34:23 Paladin
35:32 Chain Barding Armor
37:02 Blast Furnace
38:51 Plate Barding Armor
Valodimer
4:38 Loom
10:50 Feudal Age
12:51 Double-Bit Axe
15:26 Castle Age
15:40 Scale Mail Armor
15:50 Forging
16:42 Chain Mail Armor
17:05 Fletching
18:47 Iron Casting
23:11 Murder Holes
24:17 Bow Saw
24:00 Gold Mining
24:01 Stone Mining
25:41 Bodkin Arrow
25:27 Pikeman
26:50 Horse Collar
28:28 Masonry
28:39 Ballistics
32:57 Imperial Age
31:25 Wheelbarrow
31:41 Man-at-Arms
32:23 Squires
32:59 Long Swordsman
34:03 Conscription
33:51 Cilician Fleet
33:57 Fereters
35:49 Blast Furnace
35:19 Plate Mail Armor
36:11 Bracer
36:45 Padded Archer Armor
37:09 Hand Cart
36:40 Town Watch
37:00 Two-Handed Swordsman
VL Le_Manch
8:28 Loom
10:26 Feudal Age
11:15 Double-Bit Axe
12:34 Wheelbarrow
14:08 Fishing Lines
20:40 Castle Age
20:58 Bloodlines
21:33 Medium Warships
21:15 Gillnets
21:59 Hand Cart
21:57 Bow Saw
21:49 Husbandry
23:31 Scale Barding Armor
24:28 Devotion
25:04 Chain Barding Armor
30:26 Town Watch
31:43 Town Patrol
40:15 Imperial Age
VL JPGP
5:21 Loom
12:50 Feudal Age
13:02 Town Watch
13:17 Fishing Lines
13:28 Double-Bit Axe
20:48 Castle Age
19:39 Forging
21:15 Medium Warships
21:20 Gillnets
29:32 Wheelbarrow
38:28 Hand Cart
VL Dubhe
7:28 Loom
10:49 Feudal Age
17:03 Castle Age
18:23 Fletching
19:47 Bodkin Arrow
27:21 Double-Bit Axe
31:44 Medium Warships
31:30 Horse Collar
32:02 Bow Saw
32:16 Gold Mining
VL Formolin
11:02 Loom
14:44 Feudal Age
19:04 Castle Age
18:32 Gold Mining
18:23 Horse Collar
25:37 Imperial Age
23:08 Fletching
23:17 Double-Bit Axe
23:49 Bodkin Arrow
28:17 Chemistry
27:32 Bracer
37:31 Wheelbarrow
Connection lost

Rejoining the realm…

Still unreachable

The connection could not be restored.

Session expired

The server has moved on; the page needs a fresh start.